 Dungeon Crawl Stone Soup version 0.26.1-11-gd32895ea62 (webtiles) character file.

Game seed: 11438624270756692292

1633 MisterFreud the Grappler (level 8, -4/74 HPs)
             Began as a Troll Monk on June 22, 2021.
             Killed by divine providence
             ... invoked by an orc priest
              (10 damage)
             ... on level 7 of the Dungeon.
             The game lasted 00:06:04 (4956 turns).

MisterFreud the Grappler (Troll Monk)               Turns: 4956, Time: 00:06:05

Health: -4/74      AC:  6    Str: 20    XL:     8   Next: 66%
Magic:  7/7        EV: 10    Int:  6    God:
Gold:   388        SH:  0    Dex: 14    Spells: 7/7 levels left

rFire    . . .     SeeInvis .     - Unarmed
rCold    . . .     Faith    .   (no shield)
rNeg     . . .     Spirit   .   C - +0 robe (curse)
rPois    .         Reflect  .   (helmet restricted)
rElec    .         Harm     .   v - scarf {repulsion}
rCorr    .         Rampage  .   (gloves unavailable)
Will     .....                  (boots unavailable)
Stlth    ++........             (no amulet)
HPRegen  0.62/turn              (no ring)
MPRegen  0.10/turn              (no ring)

@: repel missiles
A: large, unfitting armour, claws 3, regeneration 1, shaggy fur 1, tough skin 3
a: no special abilities


You were on level 7 of the Dungeon.
You visited 1 branch of the dungeon, and saw 7 of its levels.

You collected 388 gold pieces.

Inventory:

Missiles
 p - 9 boomerangs (quivered)
 r - a boomerang of dispersal
Armour
 a - a +0 robe
 v - a scarf of repulsion (worn)
 C - a cursed +0 robe (worn)
Wands
 s - a wand of disintegration (19)
 t - a wand of iceblast (7)
 y - a wand of acid (8)
Scrolls
 b - 11 scrolls of identify
 e - a scroll of remove curse
 f - 3 scrolls of teleportation
 g - 2 scrolls of magic mapping {unknown}
 i - 2 scrolls of noise {unknown}
 k - a scroll of random uselessness {unknown}
 m - 2 scrolls of blinking {unknown}
 o - 3 scrolls of enchant weapon
 q - a scroll of fear {unknown}
 u - a scroll of fog {unknown}
 x - 2 scrolls of immolation {unknown}
 D - a scroll of summoning {unknown}
Potions
 c - 4 potions of degeneration
 d - 2 potions of might {unknown}
 h - 3 potions of resistance {unknown}
 j - 3 potions of lignification
 l - 2 potions of curing {unknown}
 n - a potion of brilliance {unknown}
 w - a potion of magic {unknown}
 z - a potion of haste {unknown}
 A - 2 potions of cancellation {unknown}
 B - a potion of berserk rage {unknown}
 E - a potion of ambrosia {unknown}


   Skills:
 - Level 2.4 Fighting
 + Level 5.9 Throwing
 - Level 2.4 Dodging
 - Level 1.0 Stealth
 + Level 9.3 Unarmed Combat


You had 7 spell levels left.
You didn't know any spells.
Your spell library contained the following spells:

 Spells                   Type           Power        Failure   Level
 Corona                   Hex            0%           45%         1
 Ensorcelled Hibernation  Hex/Ice        0%           58%         2
 Confusing Touch          Hex            0%           83%         3
 Dazzling Flash           Conj/Hex       0%           83%         3
 Tukima's Dance           Hex            0%           83%         3


Dungeon Overview and Level Annotations

Branches:
Dungeon (7/15)
 Temple: D:4-7

Altars:
Ashenzari
Dithmenos
Elyvilon
Hepliaklqana
Kikubaaqudgha
Makhleb
Qazlal
Uskayaw
The Shining One


Innate Abilities, Weirdness & Mutations

You are too large for most types of armour.
You have claws for hands.
Your natural rate of healing is unusually fast.
You are covered in fur. (AC +1)
You have extremely tough skin. (AC +3)


Message History

The orc priest begins to cast a cantrip, but forgets the words!
You scratch the orc warrior.
The orc warrior is moderately wounded.
The orc priest calls upon Beogh to heal the orc warrior.
The orc warrior is healed somewhat.
The orc warrior hits you with a +0 war axe!
* * * LOW HITPOINT WARNING * * *
Unknown command.
Unknown command.
Aiming: Corrosive Bolt
Press: ? - help, Shift-Dir - straight line, f - orc
Aim: an orc, wielding a +0 hand axe (29% to evade)
The bolt of acid misses the orc warrior.
The bolt of acid misses the orc priest.
The bolt of acid hits the orc!
The orc is splashed with acid.
The acid corrodes the orc!
You kill the orc!
You see here an arrow.
The orc priest mumbles some strange prayers to Beogh against you.
Beogh smites you!
You die...

######## ####......#####
...#......#..... .
...'......#..... ..
...#......#....###### ...
...#......#....##...# ....
##'#......#....##...# .....
...#......#....##..)#.).?..
...#......#....(@o.o)#
...#......#....##....#
####......#....##...##
##.##.....#..........#
....#.....##'####....#
....#...........#...##
....#...........#...#
....##'###......#(..#
....#....#......#


You could see an orc warrior and an orc priest.

Vanquished Creatures
  An ice beast (D:6)
  A phantom (D:6)
  2 ogres
  A centaur (D:7)
  3 bullfrogs
  5 scorpions
  A bullfrog zombie (D:6)
  A centaur zombie (D:6)
  A quasit (D:5)
  2 orc priests
  A jelly (D:5)
  2 centaur skeletons
  2 hounds
  A bullfrog skeleton (D:5)
  Terence (D:2)
  2 iguanas
  5 worker ants
  6 gnolls
  4 adders
  A shadow imp (D:6)
  2 white imps
  2 ufetubi
  An ooze (D:1)
  5 worms
  A dart slug (D:2)
  A leopard gecko (D:6)
  18 orcs
  A ball python (D:5)
  6 giant cockroaches
  6 goblins
  10 hobgoblins
  3 jackals (D:1)
  7 kobolds
  A quokka (D:3)
  A ball python skeleton (D:5)
  3 bats
  5 frilled lizards
  A leopard gecko skeleton (D:4)
  6 rats
123 creatures vanquished.

Notes
Turn   | Place    | Note
-------+----------+-------------------------------------------
     0 | D:1      | MisterFreud the Troll Monk began the quest for the Orb.
     0 | D:1      | Reached XP level 1. HP: 22/22 MP: 0/0
    65 | D:1      | Reached XP level 2. HP: 21/29 MP: 1/1
   147 | D:1      | Reached skill level 4 in Unarmed Combat
   280 | D:1      | Reached XP level 3. HP: 36/36 MP: 2/2
   649 | D:2      | Noticed Terence
   657 | D:2      | Killed Terence
   658 | D:2      | Reached XP level 4. HP: 29/44 MP: 3/3
   712 | D:2      | Reached skill level 5 in Unarmed Combat
  1459 | D:3      | Reached XP level 5. HP: 38/50 MP: 4/4
  1651 | D:3      | Reached skill level 6 in Unarmed Combat
  2303 | D:4      | Reached skill level 1 in Throwing
  2311 | D:4      | Found an ancient bone altar of Kikubaaqudgha.
  2323 | D:4      | Found a hide-covered altar of Uskayaw.
  2326 | D:4      | Found a white marble altar of Elyvilon.
  2338 | D:4      | Found a shadowy altar of Dithmenos.
  2361 | D:4      | Noticed an ogre
  2369 | D:4      | Killed an ogre
  2370 | D:4      | Reached XP level 6. HP: 36/59 MP: 5/5
  2485 | D:4      | Found a glowing golden altar of the Shining One.
  3039 | D:5      | Entered Level 5 of the Dungeon
  3049 | D:5      | Reached skill level 7 in Unarmed Combat
  3223 | D:5      | Reached XP level 7. HP: 54/66 MP: 6/6
  3414 | D:5      | Found a hazy altar of Hepliaklqana.
  3419 | D:5      | Found a stormy altar of Qazlal.
  3420 | D:5      | Found a broken altar of Ashenzari.
  3420 | D:5      | Found a burning altar of Makhleb.
  3728 | D:6      | Reached skill level 8 in Unarmed Combat
  3886 | D:6      | Reached XP level 8. HP: 64/74 MP: 7/7
  4096 | D:6      | Reached skill level 5 in Throwing
  4725 | D:7      | Reached skill level 9 in Unarmed Combat
  4956 | D:7      | Killed from afar by an orc priest

Illustrated notes

Levels and vault maps discovered:
D:1:      lightli_arrival_chessboard, layout_basic, hangedman_decor_riveting,
          minmay_misc_feat_doors, minmay_liquid_box
D:2:      layout_basic, uniq_terence
D:3:      layout_basic
D:4:      layout_loops_ring, kennysheep_little_box,
          grunt_temple_overflow_cloverleaf, hangedman_decor_opposing
D:5:      layout_rooms, grunt_temple_overflow_open
D:6:      layout_basic, minivault_27
D:7:      layout_gridville, lemuel_doored_altar, temple_hall

Skill      XL: |  1  2  3  4  5  6  7  8 |
---------------+-------------------------+-----
Unarmed Combat | 4 5 6 7 8 9 |  9.3
Throwing       | 1 2 4 5 |  5.9
Fighting       | |  2.4
Dodging        | |  2.4
Stealth        | |  1.0

Action                   |  1- 3 |  4- 6 |  7- 9 || total
-------------------------+-------+-------+-------++-------
Melee: Unarmed           |    77 |   151 |   130 ||   358
       Punch             |       |     3 |     6 ||     9
Evoke: Wand              |       |       |     1 ||     1
  Use: Potion            |       |     1 |       ||     1
       Scroll            |       |       |     4 ||     4
 Stab: Sleeping          |     3 |     6 |     1 ||    10
Armor: Robe              |    21 |    34 |    31 ||    86
Dodge: Dodged            |    33 |    58 |    57 ||   148
       Repelled          |       |     1 |       ||     1
